 Dungeon Crawl Stone Soup version 0.13-a0-2477-geaae114 (webtiles) character file.

921 Rycklaryybbe the Cutter (level 7, -3/54 HPs)
             Began as a Demonspawn Berserker on July 19, 2013.
             Was a Priest of Trog.
             Slain by an orc
             ... wielding a +1,+2 orcish flail
              (6 damage)
             ... on Level 5 of the Dungeon.
             The game lasted 00:17:08 (4557 turns).

Rycklaryybbe the Cutter (Demonspawn Berserker)      Turns: 4557, Time: 00:17:08

HP  -3/54        AC  9     Str 18      XL: 7   Next: 23%
MP   6/6         EV  6     Int  9      God: Trog [***...]
Gold 293         SH  0     Dex 16      Spells:  0 memorised,  6 levels left

Res.Fire  : . . .   See Invis. : .   s - +0,+4 dwarf falchion
Res.Cold  : + . .   Warding    : .   C - +1 chain mail {MR+}
Life Prot.: . . .   Conserve   : .   (no shield)
Res.Poison: .       Res.Corr.  : .   (no helmet)
Res.Elec. : .       Clarity    : .   (no cloak)
Sust.Abil.: + .     Spirit.Shd : .   (no gloves)
Res.Mut.  : .       Stasis     : .   (no boots)
Res.Rott. : .       Flight     : .   (no amulet)
Saprovore : . . .                    (no ring)
                                     g - ring of sustain abilities

@: exhausted, slowed, very slow, somewhat resistant to hostile enchantments,
extremely unstealthy
A: cold resistance 1, conserve potions, mutation resistance 1, Str -1, Dex +4
a: Burn Spellbooks, Berserk, Trog's Hand, Renounce Religion


You were on level 5 of the Dungeon.
You worshipped Trog.
Trog was greatly pleased with you.
You were not hungry.

You visited 1 branch of the dungeon, and saw 5 of its levels.

You collected 273 gold pieces.

Inventory:

Hand weapons
 a - a +0,+0 short sword
 h - a +1,+0 short sword
 s - a +0,+4 dwarven falchion (weapon)
 t - a +0,+0 dwarven short sword
Missiles
 j - 14 poisoned needles
 n - 20 darts
 p - a poisoned dart
 w - 3 javelins of returning (quivered)
Armour
 b - a +0 animal skin
 l - a +0 orcish ring mail
 B - a +0 robe of magic resistance
 C - a +1 chain mail of magic resistance (worn)
Magical devices
 y - a wand of polymorph (1)
Comestibles
 c - 3 bread rations
 q - 2 apples
 v - a meat ration
 z - a chunk of bat flesh
Scrolls
 i - 4 scrolls of remove curse
 k - a scroll of amnesia {unknown}
 u - 4 scrolls of identify
Jewellery
 g - a ring of sustain abilities (left hand)
Potions
 d - a potion of restore abilities
 e - 5 potions of curing
 f - a potion of flight {unknown}
 m - 3 potions of heal wounds {unknown}
 o - a potion of degeneration {unknown}
 r - a potion of slowing
 x - a potion of speed
 A - a potion of brilliance {unknown}


   Skills:
 - Level 4.0 Fighting
 + Level 6.7 Short Blades
 - Level 2.2 Throwing
 - Level 1.7 Armour
 - Level 1.7 Dodging
 - Level 0.8 Stealth


You had 6 spell levels left.
You didn't know any spells.

Dungeon Overview and Level Annotations

Branches:
Dungeon (5/27)
 Temple: D:4-7

Altars:
Makhleb
Trog

Shops:
D:4: [

Annotations
D:5 Menkaure, Pikel


Innate Abilities, Weirdness & Mutations

You have a moderately thin skeletal structure (Dex +4, Str -1, Stlth).
Your flesh is cold resistant.
You are very good at protecting items from cold.
You are somewhat resistant to further mutation.


Message History

The orc hits you but does no damage. The hound bites you but does no damage.
You slice the hound!!
You kill the hound!
Trog accepts your kill. The orc hits you with an orcish flail!
You see here a hound corpse.
You feel a strong urge to attack something.
The orc hits you with an orcish flail.
You feel your anger subside.
You are no longer berserk.
You are exhausted.
You feel yourself slow down.
You slash Menkaure!
Menkaure is heavily damaged.
Menkaure hits you!
* * * LOW HITPOINT WARNING * * *
You hit Menkaure but do no damage.
Menkaure is heavily damaged.
The orc hits you with an orcish flail.
You die...

################################
.............%.o@M...%...........
...................###...........
.......##.##...##..# #...........
.......##.##...##..# #...........
.......##.##...##..# #...........
..################## #...........
..# #........... ..# #..........<
..# #...........


You could see Menkaure and an orc.

Vanquished Creatures
  Edmund (D:5)
  An ogre (D:4)
  3 slaves (D:4)
  4 hounds
  A scorpion (D:4)
  2 worker ants (D:4)
  An orc wizard (D:3)
  Terence (D:3)
  11 adders
  4 worms
  2 giant geckos
  An ooze (D:4)
  4 orcs (D:3)
  7 bats
  4 giant cockroaches
  8 goblins
  6 hobgoblins
  6 jackals
  A quokka (D:4)
  7 ball pythons
  6 giant newts
  5 kobolds
  An orc skeleton (D:4)
  A quokka skeleton (D:5)
  11 rats
99 creatures vanquished.

Notes
Turn   | Place    | Note
--------------------------------------------------------------
     0 | D:1      | Rycklaryybbe, the Demonspawn Berserker, began the quest for the Orb.
     0 | D:1      | Reached XP level 1. HP: 18/18 MP: 0/0
   353 | D:1      | Gained mutation: You have a somewhat thin skeletal structure (Dex +2, Stlth). [demonic ancestry]
   353 | D:1      | Reached XP level 2. HP: 18/24 MP: 1/1
   565 | D:1      | Acquired Trog's second power
   813 | D:2      | Gained mutation: Your flesh is cold resistant. [demonic ancestry]
   813 | D:2      | Reached XP level 3. HP: 27/30 MP: 2/2
  1405 | D:2      | Found a burning altar of Makhleb.
  1417 | D:2      | Gained mutation: You are very good at protecting items from cold. [demonic ancestry]
  1417 | D:2      | Reached XP level 4. HP: 32/36 MP: 3/3
  1496 | D:2      | Reached skill level 4 in Short Blades
  2212 | D:3      | Gained mutation: You have a moderately thin skeletal structure (Dex +4, Str -1, Stlth). [demonic ancestry]
  2212 | D:3      | Reached XP level 5. HP: 38/42 MP: 4/4
  2260 | D:3      | Reached skill level 1 in Throwing
  2498 | D:3      | Noticed Terence
  2526 | D:3      | Killed Terence
  2917 | D:3      | Gained mutation: You are somewhat resistant to further mutation. [potion of mutation]
  3018 | D:4      | Noticed an ogre
  3024 | D:4      | Killed an ogre
  3024 | D:4      | Reached skill level 5 in Short Blades
  3024 | D:4      | Reached XP level 6. HP: 49/49 MP: 5/5
  3472 | D:4      | Found Guaheiz's Armour Emporium.
  3877 | D:5      | Entered Level 5 of the Dungeon
  3893 | D:4      | Reached skill level 6 in Short Blades
  4390 | D:5      | Noticed Pikel
  4473 | D:5      | Noticed Edmund
  4483 | D:5      | Found a bloodstained altar of Trog.
  4499 | D:5      | Killed Edmund
  4499 | D:5      | Reached XP level 7. HP: 35/54 MP: 6/6
  4509 | D:5      | Noticed Menkaure
  4556 | D:5      | HP: 2/54 [Menkaure (16)]
  4557 | D:5      | Slain by an orc

Action                   |  1- 3 |  4- 6 |  7- 9 || total
-------------------------+-------+-------+-------++-------
Melee: Short sword       |   179 |   237 |       ||   416
       Falchion          |       |   101 |     5 ||   106
       Unarmed           |       |     7 |       ||     7
Throw: Dart              |    15 |     2 |       ||    17
       Javelin           |       |    10 |     1 ||    11
Invok: Trog's Hand       |       |     4 |       ||     4
       Berserk           |       |     3 |     1 ||     4
  Use: Scroll            |       |    15 |       ||    15
       Potion            |       |     5 |       ||     5
